 Dungeon Crawl Stone Soup version 0.30-a0-170-g85af917532 (webtiles) character file.

Game seed: 11741738025642606085

40 qw the Chopper (level 3, -1/23 HPs)
             Began as a Gargoyle Fighter on Sept 30, 2022.
             Slain by Terence
             ... wielding a +0 flail
              (2 damage)
             ... on level 2 of the Dungeon.
             The game lasted 00:00:34 (1497 turns).

qw the Chopper (Gargoyle Fighter)                   Turns: 1497, Time: 00:00:34

Health: -1/23      AC: 20    Str: 21    XL:     3   Next: 50%
Magic:  3/3        EV:  2    Int:  8    God:
Gold:   97         SH:  4    Dex:  9    Spells: 2/2 levels left

rFire   . . .      SeeInvis .    Y - +0 war axe
rCold   . . .      Faith    .    c - +0 buckler
rNeg    + . .      Spirit   .    j - +0 crystal plate armour
rPois   inf        Reflect  .    (no helmet)
rElec   +          Harm     .    (no cloak)
rCorr   .          Rampage  .    i - +0 pair of gloves
Will    .....                    (no boots)
Stlth   ..........               (no amulet)
HPRegen 0.07/turn                (no ring)
MPRegen 0.08/turn                (no ring)

@: no status effects
A: sickness immunity, AC +3, negative energy resistance 1, electricity
resistance, torment resistance 1, petrification resistance
a: no special abilities


You were on level 2 of the Dungeon.
You visited 1 branch of the dungeon, and saw 2 of its levels.

You collected 97 gold pieces.


Innate Abilities, Weirdness & Mutations

You are immune to sickness and miasma.
Your stone body is resilient. (AC +3)
You are immune to poison.
You resist negative energy. (rN+)
You are resistant to electric shocks. (rElec)
You are resistant to unholy torment.
You are immune to petrification.


   Skills:
 - Level 3.2 Fighting
 + Level 3.4 Axes
 - Level 3.2 Armour
 - Level 3.2 Shields


You had 2 spell levels left.
You didn't know any spells.
Your spell library was empty.

Inventory:

Hand Weapons
 n - a +0 mace
 Y - a +0 war axe (weapon)
Armour
 a - a +0 pair of boots
 c - a +0 buckler (worn)
 i - a +0 pair of gloves (worn)
 j - a +0 crystal plate armour (worn)
Scrolls
 e - a scroll of teleportation {unknown}
Potions
 b - a potion of mutation {unknown}
 d - a potion of might
 f - a potion of haste
 g - 2 potions of curing {unknown}
 h - a potion of brilliance {unknown}
 k - a potion of flight {unknown}

Dungeon Overview and Level Annotations

Branches:
Dungeon (2/15)

Altars:

Annotations:
D:2 Terence


Message History

Terence shouts!
Terence moves out of view.
Enter note:
Enter note:
Enter note:
Enter note:
Enter note: You see here 5 gold pieces.
Terence is nearby!
You barely miss Terence. Terence hits you but does no damage. x2
You hit Terence.
Terence is lightly wounded.
Terence hits you but does no damage.
You hit Terence but do no damage.
Terence is lightly wounded.
Terence hits you but does no damage.
You closely miss Terence.
Terence is lightly wounded.
Terence screams, "I want your blood!" Terence hits you with a +0 flail.
Terence hits you but does no damage.
You hit Terence.
Terence is lightly wounded.
Terence hits you with a +0 flail!
You hit Terence.
Terence is moderately wounded.
Terence barely misses you.
You barely miss Terence.
Terence is moderately wounded.
Terence hits you but does no damage. x2
You closely miss Terence.
Terence is moderately wounded.
Terence hits you but does no damage.
You closely miss Terence.
Terence is moderately wounded.
Terence hits you but does no damage.
You barely miss Terence.
Terence is moderately wounded.
Terence hits you with a +0 flail! Terence hits you with a +0 flail.
You die...

.......# .......### ...
......... ........#....
........ #.......#....
.......#####...........
.......##............#
~~~....++............+
~[.....##...#........###
.......##...#...@.......
.........####...@.......
........................
.......#....##+###.##...
.......####.... .# ..
..##......###... .. .
..##........# .. ..
............# . ...
............##.


You could see Terence.

Vanquished Creatures
  A dart slug (D:1)
  7 ball pythons (D:1)
  2 endoplasms (D:1)
  2 giant cockroaches (D:1)
  A goblin (D:1)
  5 hobgoblins (D:1)
  4 jackals (D:1)
  A quokka (D:2)
  A bat (D:1)
  3 frilled lizards (D:1)
  4 kobolds (D:1)
  4 rats
35 creatures vanquished.

Notes
Turn   | Place    | Note
-------+----------+-------------------------------------------
     0 | D:1      | qw the Gargoyle Fighter began the quest for the Orb.
     0 | D:1      | Reached XP level 1. HP: 14/14 MP: 1/1
     0 | D:1      | 0 ||| qw: Version: 0.2-a-12-gaebbb33
     0 | D:1      | 0 ||| qw: Game counter: 1534
     0 | D:1      | 0 ||| qw: Always use a shield: true
     0 | D:1      | 0 ||| qw: God list: Okawaru
     0 | D:1      | 0 ||| qw: Allow faded altars: false
     0 | D:1      | 0 ||| qw: Do Orc after D:15 true
     0 | D:1      | 0 ||| qw: Do second Lair branch before Depths: true
     0 | D:1      | 0 ||| qw: Lair rune preference: random
     0 | D:1      | 0 ||| qw: Plans: Normal, Zot:1-4, God:TSO, Crypt, Tomb,
                  | Pan, Slime:5, Hells, Abyss, Orb
     0 | D:1      | 0 ||| PLANNING D:1-11
    87 | D:1      | 87 ||| Stepping ~*~*~tactically~*~*~ (stealth).
    93 | D:1      | 93 ||| Stepping ~*~*~tactically~*~*~ (stealth).
   102 | D:1      | Reached XP level 2. HP: 14/19 MP: 2/2
   105 | D:1      | 105 ||| Stepping ~*~*~tactically~*~*~ (stealth).
   661 | D:1      | 661 ||| Stepping ~*~*~tactically~*~*~ (stealth).
   671 | D:1      | Reached skill level 3 in Axes
   739 | D:1      | Reached XP level 3. HP: 23/23 MP: 3/3
  1106 | D:1      | 1106 ||| DROPPING +0 club.
  1188 | D:1      | 1188 ||| UPGRADING to +0 pair of gloves.
  1193 | D:1      | 1193 ||| UPGRADING to +0 crystal plate armour.
  1203 | D:1      | 1203 ||| DROPPING +0 scale mail.
  1204 | D:1      | 1204 ||| READING 2 scrolls labelled ODDULYA HEOMM.
  1205 | D:1      | 1205 ||| READING scroll labelled SABACUS ARENG.
  1206 | D:1      | 1206 ||| READING scroll labelled PIYFER BUPLUMM.
  1207 | D:1      | 1207 ||| READING scroll labelled GISCHOKHYAGY.
  1208 | D:1      | 1208 ||| DRINKING 2 blue potions.
  1209 | D:1      | 1209 ||| DROPPING scroll of immolation.
  1481 | D:2      | Noticed Terence
  1497 | D:2      | HP: 1/23 [Terence/+0 flail (9)]
  1497 | D:2      | Slain by Terence

Levels and vault maps discovered:
D:1:      minmay_arrival_five_plusses, layout_loops_cross
D:2:      layout_basic, minmay_misc_feat_room, minmay_misc_feat_tiny,
          chequers_serial_rivers_small_a, uniq_terence, uniq_robin

Skill      XL: |  1  2 |
---------------+-------+-----
Axes           | 2 3 |  3.4
Fighting       | |  3.2
Armour         | |  3.2
Shields        | |  3.2

Action                   || total
-------------------------++-------
Melee: War axe           ||   114
  Use: Scroll            ||     4
       Potion            ||     1
Armor: Scale mail        ||    63
       Crystal plate arm ||    15
Dodge: Dodged            ||    53
Block: Buckler           ||    16

Table legend:
 A = Non-vault XP
 B = Vault XP
 C = Vault XP percentage of total XP
 D = Non-vault monster count
 E = Vault monster count
 F = Vault count percentage of total count
                 A         B        C        D         E       F
            +---------+---------+-------+---------+---------+-------
      Total |      58 |       0 |   0.0 |      35 |       0 |   0.0
            +---------+---------+-------+---------+---------+-------
        D:1 |      55 |       0 |   0.0 |      33 |       0 |   0.0
        D:2 |       3 |       0 |   0.0 |       2 |       0 |   0.0
            +---------+---------+-------+---------+---------+-------
